 Dungeon Crawl Stone Soup version 0.22.0 (webtiles) character file.

2279 Gorglomux the Caller (level 8, -4/69 HPs)
             Began as a Demigod Summoner on Aug 11, 2018.
             Slain by a manticore (7 damage)
             ... on level 8 of the Dungeon.
             The game lasted 00:19:25 (11759 turns).

Gorglomux the Caller (Demigod Summoner)            Turns: 11759, Time: 00:19:26

Health: -4/69      AC:  3    Str: 11    XL:     8   Next: 95%
Magic:  1/19       EV: 13    Int: 23    God:
Gold:   592        SH:  0    Dex: 21    Spells: 8/18 levels left

rFire    . . .     SeeInvis .   t - +0 spear
rCold    . . .     Gourm    .   (no shield)
rNeg     . . .     Faith    .   u - +1 robe {MR+}
rPois    .         Spirit   .   (no helmet)
rElec    .         Reflect  .   (no cloak)
rCorr    .         Harm     .   (no gloves)
MR       +....                  (no boots)
Stlth    ++........             (no amulet)
HPRegen  0.21/turn              W - +5 ring of dexterity
MPRegen  0.16/turn              (no ring)

@: barbed spikes
A: high mp 1
a: no special abilities


You were on level 8 of the Dungeon.
You were very hungry.

You visited 1 branch of the dungeon, and saw 8 of its levels.

You collected 592 gold pieces.

Inventory:

Hand Weapons
 t - a +0 spear (weapon)
Armour
 u - a +1 robe of magic resistance (worn)
 X - a +2 buckler
Jewellery
 W - a +5 ring of dexterity (left hand)
Wands
 D - a wand of digging (14)
 I - a wand of iceblast (5)
 O - a wand of clouds (5)
Scrolls
 d - 3 scrolls of teleportation {unknown}
 e - 3 scrolls of immolation {unknown}
 g - 5 scrolls of remove curse {unknown}
 l - a scroll of magic mapping {unknown}
 n - a scroll of noise {unknown}
 p - 2 scrolls of random uselessness {unknown}
 v - 2 scrolls of enchant armour {unknown}
 x - a scroll of vulnerability {unknown}
 R - 2 scrolls of identify
 T - a scroll of blinking {unknown}
 V - 3 scrolls of amnesia {unknown}
Potions
 f - a potion of degeneration
 h - 2 potions of brilliance
 m - a potion of haste
 q - a potion of heal wounds
 w - a potion of resistance
 P - a potion of lignification
 Q - 2 potions of curing
 S - a potion of ambrosia
 U - 2 potions of cancellation
 Y - a potion of magic
Comestibles
 c - 13 rations


   Skills:
 + Level 5.6 Fighting
 - Level 1.7 Dodging
 - Level 1.7 Stealth
 + Level 2.2 Shields
 + Level 5.5 Spellcasting
 + Level 6.8 Summonings
 - Level 4.0 Air Magic


You had 8 spell levels left.
You knew the following spells:

 Your Spells              Type           Power        Failure   Level  Hunger
a - Summon Small Mammal   Summ           ####         1%          1    None
b - Call Imp              Summ           #####...     1%          2    None
c - Call Canine Familiar  Summ           #####...     1%          3    ##.....
l - Summon Lightning Spi  Summ/Air       ####....     10%         4    ####...

Your spell library contained the following spells:

 Spells                   Type           Power        Failure   Level  Hunger
 Apportation              Tloc           #.....       9%          1    None
 Animate Skeleton         Necr           N/A          9%          1    None
 Summon Ice Beast         Ice/Summ       ###.....     22%         4    ####...
 Confusing Touch          Hex            #.....       9%          1    None
 Summon Guardian Golem    Hex/Summ       ###.....     7%          3    ##.....


Dungeon Overview and Level Annotations

Branches:
Dungeon (8/15)             Temple (0/1) D:6
   Lair: D:8-11

Annotations:
D:7 1 runed door, 6 exclusions, Harold


Innate Abilities, Weirdness & Mutations

You have an increased reservoir of magic. (+10% MP)


Message History

Unknown command!
Unknown command!
Unknown command!
Evoke which item? (* to show all) (? for menu, Esc to quit)
Aiming: Iceblast
Press: ? - butt, Shift-Butt - straight line That beam is likely to hit you!
Butt anyway? [Y]es or [N]o only, please!
That butt is likely to hit you!
Continue anyway?
The mass of ice explodes!!!
The iceblast engulfs you!!! * * * don't die
* * * The iceblast butts the adder!
You annihilate the adder!!!
The iceblast engulfs the manticore!
The manticore is almost dead!
Your crimson imp closely misses the manticore!
The manticore closely misses you!
The manticore claws you! * * * don't die
* * * The manticore claws you!!! rip

###)##### #[# #[#
#.# #.# #### #.#
..###.## #.##...## #
#@#.....#
#..##H##...#######
#.....5...<.......
....###.###.########
#. #.# #.# #.# #+#
..# ###


You could see a manticore and a friendly crimson imp.

Vanquished Creatures
  Eustachio (D:3)
  A black bear (D:4)
  2 hounds
  An orc wizard (D:6)
  4 worker ants
  A hound zombie (D:7)
  A hound skeleton (D:6)
  2 worker ant zombies (D:6)
  An adder (D:8)
  2 gnolls (D:2)
  2 worms
  A leopard gecko (D:5)
  2 orcs
  2 ball pythons
  A giant cockroach (D:4)
  4 goblins (D:1)
  2 hobgoblins
  2 jackals (D:3)
  4 bats
  A frilled lizard (D:2)
  2 jackal skeletons
  A jackal zombie (D:6)
  2 kobolds (D:1)
  4 rats
46 creatures vanquished.

Vanquished Creatures (collateral kills)
  Pikel (D:7)
  A hippogriff (D:7)
  Sigmund (D:6)
  A hungry ghost (D:8)
  Edmund (D:6)
  Menkaure (D:4)
  Duvessa (D:4)
  A sky beast (D:6)
  2 orc warriors
  2 black bears
  An ogre (D:7)
  Blork the orc (D:6)
  Dowan (D:4)
  5 wights (D:6)
  A howler monkey (D:8)
  3 crimson imps
  3 jellies
  6 hounds
  5 orc wizards
  7 orc priests
  A bullfrog skeleton (D:5)
  A gnoll shaman (D:3)
  Jessica (D:3)
  Ijyb (D:4)
  4 worker ants
  Natasha (thrice) (D:3)
  2 hound zombies
  A hound skeleton (D:6)
  5 gnolls
  6 adders
  A shadow imp (D:8)
  5 worms
  3 dart slugs
  4 leopard geckos
  25 orcs
  3 ball pythons
  7 giant cockroaches
  3 goblins (D:3)
  6 hobgoblins
  An iguana (D:3)
  13 jackals
  8 bats
  3 kobolds
  4 rats
156 creatures vanquished.

Vanquished Creatures (others)
  A centaur zombie (D:7)
1 creature vanquished.

Grand Total: 203 creatures vanquished

Notes
Turn   | Place    | Note
-------+----------+-------------------------------------------
     0 | D:1      | Gorglomux the Demigod Summoner began the quest for the Orb.
     0 | D:1      | Reached XP level 1. HP: 14/14 MP: 5/5
   792 | D:1      | Reached XP level 2. HP: 12/22 MP: 4/7
  1253 | D:1      | Learned a level 2 spell: Call Imp
  1337 | D:1      | Reached skill level 1 in Fighting
  1685 | D:2      | Reached skill level 4 in Summonings
  1685 | D:2      | Reached XP level 3. HP: 28/28 MP: 3/9
  1946 | D:2      | Learned a level 3 spell: Call Canine Familiar
  3010 | D:3      | Noticed Natasha
  3025 | D:3      | Killed Natasha
  3075 | D:3      | Noticed Jessica
  3082 | D:3      | Killed Jessica
  3082 | D:3      | Reached XP level 4. HP: 36/36 MP: 5/10
  3327 | D:3      | Found a shimmering altar of Xom.
  3889 | D:2      | Reached skill level 3 in Spellcasting
  3956 | D:2      | Reached XP level 5. HP: 25/42 MP: 7/12
  4070 | D:3      | Noticed Natasha
  4085 | D:3      | Killed Natasha
  4283 | D:3      | Noticed Natasha
  4301 | D:3      | Killed Natasha
  4462 | D:3      | Noticed a moth of wrath
  4465 | D:3      | Found a bloodstained altar of Trog.
  4497 | D:3      | Learned a level 4 spell: Summon Lightning Spire
  4793 | D:4      | Noticed Menkaure
  4796 | D:4      | Noticed a black bear
  5072 | D:4      | Noticed Dowan
  5080 | D:4      | Noticed Eustachio
  5323 | D:3      | Killed Eustachio
  5323 | D:3      | Reached skill level 1 in Air Magic
  5416 | D:4      | You fall through a shaft for 3 floors!
  5449 | D:7      | Noticed Harold
  5496 | D:7      | Reached skill level 3 in Fighting
  5496 | D:7      | Reached XP level 6. HP: 44/51 MP: 14/14
  5512 | D:7      | Noticed Pikel
  5538 | D:7      | Killed Pikel
  5538 | D:7      | Reached skill level 5 in Summonings
  5538 | D:7      | Reached XP level 7. HP: 39/57 MP: 2/16
  6117 | D:6      | Noticed Blork the orc
  6141 | D:6      | Killed Blork the orc
  6412 | D:6      | Noticed Sigmund
  6416 | D:6      | Killed Sigmund
  6573 | D:6      | Noticed Edmund
  6575 | D:6      | Reached skill level 3 in Air Magic
  6589 | D:6      | Killed Edmund
  7253 | D:6      | Reached XP level 8. HP: 59/67 MP: 15/18
  7333 | D:5      | Entered Level 5 of the Dungeon
  7340 | D:5      | Reached skill level 6 in Summonings
  7514 | D:5      | Found a sparkling altar of Nemelex Xobeh.
  7827 | D:5      | Found a blossoming altar of Fedhas.
  7834 | D:5      | Found a shattered altar of Ashenzari.
  7835 | D:5      | Found a shadowy altar of Dithmenos.
  7837 | D:5      | Found a deep blue altar of Sif Muna.
  7839 | D:5      | Found a sacrificial altar of Ru.
  8504 | D:4      | Noticed Duvessa
  8524 | D:4      | Killed Dowan
  8524 | D:4      | Killed Duvessa
  8855 | D:4      | Noticed Ijyb
  8868 | D:4      | Killed Ijyb
  9161 | D:4      | Killed Menkaure
  9689 | D:6      | Reached skill level 1 in Shields
 10199 | D:6      | Found a staircase to the Ecumenical Temple.
 10470 | D:7      | Noticed a hippogriff
 10482 | D:7      | Killed a hippogriff
 10843 | D:7      | Found a runed door.
 11738 | D:8      | Noticed a manticore
 11757 | D:8      | HP: 1/69 [manticore/volley of spikes (18)]
 11759 | D:8      | Slain by a manticore

Skill      XL: |  1  2  3  4  5  6  7  8 |
---------------+-------------------------+-----
Spellcasting   | 2 3 4 5 |  5.5
Fighting       | 1 2 3 4 5 |  5.6
Summonings     | 4 5 6 |  6.8
Air Magic      | 1 2 3 4 |  4.0
Shields        | 2 |  2.2
Dodging        | |  1.7
Stealth        | |  1.7

Action                   |  1- 3 |  4- 6 |  7- 9 || total
-------------------------+-------+-------+-------++-------
Melee: Unarmed           |   101 |    47 |       ||   148
       Dagger            |       |    11 |       ||    11
       Spear             |       |    76 |   245 ||   321
 Cast: Summon Small Mamm |    30 |     7 |     1 ||    38
       Call Imp          |    26 |    28 |    16 ||    70
       Call Canine Famil |     6 |    23 |    37 ||    66
       Summon Lightning  |       |       |    33 ||    33
Evoke: Wand              |       |       |     3 ||     3
  Use: Scroll            |       |       |     8 ||     8
       Potion            |       |       |     1 ||     1
 Stab: Sleeping          |     4 |       |       ||     4
       Distracted        |     1 |     2 |     4 ||     7
  Eat: Chunk             |     9 |     5 |    21 ||    35
       Ration            |       |     2 |     1 ||     3
Armor: Robe              |    31 |    51 |    39 ||   121
Dodge: Dodged            |    93 |   149 |   168 ||   410
